 Dungeon Crawl Stone Soup version 0.30-a0-586-g23e55c9e0a (webtiles) character file.

Game seed: 3437620751595598856

4 snetch the Trooper (level 1, -10/19 HPs)
             Began as a Hill Orc Fighter on Jan 3, 2023.
             Mangled by Crazy Yiuf
             ... wielding a +3 quarterstaff of chaos
              (13 damage)
             ... on level 2 of the Dungeon.
             The game lasted 00:00:51 (275 turns).

snetch the Trooper (Hill Orc Fighter)                Turns: 275, Time: 00:00:52

Health: -10/19     AC:  6    Str: 18    XL:     1   Next: 70%
Magic:  1/1        EV:  9    Int:  8    God:
Gold:   9          SH:  4    Dex: 10    Spells: 0/0 levels left

rFire   . . .      SeeInvis .    b - +0 mace (heavy)
rCold   . . .      Faith    .    c - +0 buckler
rNeg    . . .      Spirit   .    h - +0 scale mail
rPois   .          Reflect  .    (no helmet)
rElec   .          Harm     .    (no cloak)
rCorr   .          Rampage  .    (no gloves)
Will    .....                    (no boots) Stlth
                                 (no amulet)
HPRegen 0.23/turn                (no ring)
MPRegen 0.07/turn                (no ring)

@: no status effects
A: no striking features
a: no special abilities


You were on level 2 of the Dungeon.
You visited 1 branch of the dungeon, and saw 2 of its levels.

You collected 9 gold pieces.

Inventory:

Hand Weapons
 a - a +0 war axe
 b - a +0 heavy mace (weapon)
Armour
 c - a +0 buckler (worn)
 h - a +0 scale mail (worn)
Scrolls
 f - a scroll of identify {unknown}
 g - a scroll of magic mapping {unknown}
Potions
 d - a potion of might
 e - a potion of resistance {unknown}


   Skills:
 + Level 3.6 Fighting
 + Level 2.8 Axes
 + Level 3.4 Armour
 + Level 0.1 Dodging
 + Level 3.3 Shields


You couldn't memorise any spells.
You didn't know any spells.
Your spell library was empty.

Dungeon Overview and Level Annotations

Branches:
Dungeon (2/15)

Altars:

Annotations:
D:2 Crazy Yiuf


Message History

No target in view!
Found a dagger.
A hobgoblin comes into view.
The hobgoblin shouts!
You see here a scroll labelled HAC ALER LIF.
f - a scroll labelled HAC ALER LIF You barely miss the hobgoblin.
You block the hobgoblin's attack.
You slash the hobgoblin!
You kill the hobgoblin!
You now have 9 gold pieces.
You see here a +0 heavy mace.
g - a scroll labelled AHENIA GUMUTOI A ball python comes into view.
The ball python hisses angrily.
You hear an angry hiss.
You hit the ball python.
You kill the ball python!
A frilled lizard comes into view.
The frilled lizard hisses angrily.
You slash the frilled lizard!
You kill the frilled lizard!
You see here a +0 heavy mace.
h - a +0 heavy mace Adjust to which letter? (? for menu, Esc to quit)
b - a +0 heavy mace;
h - a +0 scale mail (worn)
b - a +0 heavy mace (weapon)
A rat comes into view.
You hit the rat.
You kill the rat!
Found a hammer.
Found a runed translucent door.
Crazy Yiuf yells, "Powder!
Proton blue mumblescurry."
You open the door. You barely miss Crazy Yiuf.
Crazy Yiuf says, "Spliff!"
Crazy Yiuf hits you with a +3 quarterstaff of chaos!
Ouch! That really hurt!
Crazy Yiuf burns you.
* * * LOW HITPOINT WARNING * * *
Crazy Yiuf hits you with a +3 quarterstaff of chaos!
Ouch! That really hurt!
You die...

#.##.###..#####..##
#.###. #.##.###.##
#....# #.# #.
#.##..##.# ♣....♣
#.###. #.###.##.#
♣♣...♣ #.....
#........# ♣♣.♣♣
##.##.. #####....##
♣♣.♣ ####†.....
..........# ♣.♣♣
+........#
#####...## ♣♣.♣
####...#.# #..##
♣@♣♣ ##.##.# #.##
#g# ####.# #.# ...
#.# #.# #...# #.#
#.# #)..# #.# #.#
##### #.# #.# ####
#.# #.# #######..#
#.# #.# #.....##.#
#.#


You could see Crazy Yiuf.

Vanquished Creatures
  A hobgoblin (D:2)
  A ball python (D:2)
  2 frilled lizards (D:2)
  2 rats
6 creatures vanquished.

Notes
Turn   | Place    | Note
-------+----------+-------------------------------------------
     0 | D:1      | snetch the Hill Orc Fighter began the quest for the Orb.
     0 | D:1      | Reached XP level 1. HP: 19/19 MP: 1/1
   270 | D:2      | Found a runed translucent door.
   271 | D:2      | Noticed Crazy Yiuf
   275 | D:2      | Mangled by Crazy Yiuf

Illustrated notes

Levels and vault maps discovered:
D:1:      beargit_arrival_diablo_church, layout_basic, grunt_decor_clamped,
          solitary_fountain
D:2:      minmay_angry_zag, layout_loops_corners, ebering_ecumenical_altar_rust,
          uniq_robin, uniq_crazy_yiuf_cottage

Action                   || total
-------------------------++-------
Melee: War axe           ||    16
       Mace              ||     2
Armor: Scale mail        ||     3
Dodge: Dodged            ||     7
Block: Buckler           ||     4

Table legend: (Time is in decaauts)
 A = Elapsed time spent in this place.
 B = Non-inter-level travel time spent in this place.
 C = Inter-level travel time spent in this place.
 D = Time resting spent in this place.
 E = Time spent auto-exploring this place.
 F = Levels seen in this place.
 G = Mean time per level.
                   A        B        C        D        E       F      G
               +--------+--------+--------+--------+--------+-----+--------+
         Total |    281 |    281 |      0 |      0 |    203 |   2 |  140.5 |
       Dungeon |    281 |    281 |      0 |      0 |    203 |   2 |  140.5 |
               +--------+--------+--------+--------+--------+-----+--------+

Top non-repeatable levels by time:
     D:2: 201 daAuts
     D:1: 80 daAuts
